AoeStats
← Malcolm Little

African Clearing

506485257Analyzed
3v3 RM · 20d ago on Sep 13, 2026· 28m 6s· 6 players
Game mode
Random Map
Map size
Normal (6 player)
Population
200
Speed
Normal
Resources
Standard
Victory
Conquest
Starting age
Dark Age
Ending age
Imperial Age
RankedLock teamsTeams togetherTeam positionsShared explorationLock speedFull tech treeHidden civsTurbo modeCheats
Victory
Defeat
🇨🇱 Mongols · Chile
1453
+13
🇩🇴 Saracens · Dominican Republic
1398
+15
1320
+19
🇬🇧 Tatars · United Kingdom
1386
-16
🇬🇧 Khmer · United Kingdom
1382
-16
🇬🇧 Mongols · United Kingdom
1376
-15
Rkid69
5:33 Loom
12:08 Feudal Age
13:18 Double-Bit Axe
16:58 Scale Barding Armor
17:22 Horse Collar
23:05 Bloodlines
23:08 Forging
24:00 Wheelbarrow
26:52 Castle Age
Woodsy777
14:06 Loom
16:24 Feudal Age
20:07 Fletching
25:31 Horse Collar
28:50 Castle Age
27:08 Double-Bit Axe
28:07 Padded Archer Armor
Fefs80
10:36 Loom
12:32 Feudal Age
13:27 Double-Bit Axe
17:39 Forging
22:59 Castle Age
Malcolm Little
12:32 Feudal Age
17:52 Castle Age
16:25 Double-Bit Axe
17:28 Forging
18:14 Scale Barding Armor
25:20 Loom
25:43 Town Watch
28:12 Wheelbarrow
yinyangwar
9:46 Loom
11:57 Feudal Age
13:24 Double-Bit Axe
22:05 Castle Age
20:36 Fletching
22:37 Padded Archer Armor
23:56 Bodkin Arrow
24:25 Bow Saw
25:12 Husbandry
[zWq]Ferdinand Von Lindemann
10:09 Loom
12:16 Feudal Age
12:47 Double-Bit Axe
12:43 Horse Collar
14:58 Fletching
16:42 Wheelbarrow
23:06 Town Watch
26:04 Castle Age
25:01 Forging
24:51 Gold Mining
26:14 Scale Barding Armor
26:27 Bloodlines
Connection lost

Rejoining the realm…

Still unreachable

The connection could not be restored.

Session expired

The server has moved on; the page needs a fresh start.